Map: [ESL] Hecate

Players

ShaDoWn

  • Race: Protoss Protoss
  • League: Master
  • Spawn Location: 1:00

LiquidClem (Clem) - Winner!

  • Race: Terran Terran
  • League: Grandmaster
  • Spawn Location: 7:00

Event: HomeStory Cup XXIV

VOD

Have the link to the VOD?

Description

Time

  • Played on: Dec. 1, 2023, 11:42 a.m.
  • Length: 4:47

All games in this series

Show
View Real Time Build Order
Export as new Build Order

ShaDoWn Protoss 

Build Orders: 1 Gate Expand, Phoenix Opening 

Get SALT Encoding   

  12  0:00  Probe  
  13  0:12  Probe  
  14  0:17  Pylon  
  14  0:24  Probe  
  15  0:35  Gateway  
  15  0:37  Probe (Chrono Boost)  
  16  0:46  Probe (Chrono Boost)  
  16  0:47  Assimilator  
  17  0:51  Probe (Chrono Boost)  
  18  1:03  Probe  
  19  1:15  Probe  
  20  1:22  Cybernetics Core  
  20  1:27  Probe  
  21  1:37  Nexus  
  21  1:47  Probe, Pylon  
  21  1:54  Assimilator  
  22  1:57  Adept (Chrono Boost)  
  23  2:05  Probe (Chrono Boost)  
  25  2:17  Probe (Chrono Boost)  
  25  2:21  Stargate  
  25  2:22  Probe (Chrono Boost)  
  25  2:28  Adept  
  28  2:31  Probe  
  28  2:35  Warp Gate  
  29  2:45  Probe  
  29  2:49  Probe  
  31  2:53  Shield Battery  
  31  2:57  Adept, Probe  
  34  3:01  Probe  
  34  3:03  Phoenix (Chrono Boost)  
  37  3:09  Probe  
  38  3:13  Probe  
  38  3:14  Pylon  
  39  3:21  Probe  
  39  3:23  Phoenix (Chrono Boost)  
  42  3:28  Probe  
  42  3:33  Probe  
  42  3:40  Probe  
  39  3:46  Probe  
  40  3:50  Phoenix  
  40  3:53  Probe  
  42  3:58  Probe  
  39  4:08  Probe (Chrono Boost)  
  37  4:10  Probe (Chrono Boost)  
  37  4:15  Phoenix  
  41  4:20  Probe x2 (Chrono Boost)  
  42  4:28  Probe (Chrono Boost)  
  42  4:30  Probe (Chrono Boost)  
  44  4:33  Probe (Chrono Boost)  
Show
View Real Time Build Order
Export as new Build Order

LiquidClem Terran - Winner!

Build Orders:  

Get SALT Encoding   

  12  0:00  SCV  
  13  0:12  SCV  
  14  0:17  Supply Depot  
  14  0:24  SCV  
  15  0:29  Refinery  
  15  0:38  SCV  
  16  0:44  Barracks  
  16  0:50  SCV  
  17  1:02  SCV  
  18  1:14  Engineering Bay  
  18  1:15  SCV  
  19  1:31  Orbital Command, Marine  
  20  1:37  Factory  
  20  1:45  Supply Depot  
  20  1:50  Barracks Reactor  
  20  1:57  SCV  
  21  2:09  SCV  
  22  2:21  SCV  
  23  2:26  Supply Depot  
  27  2:30  Hellion x2  
  27  2:35  Command Center  
  27  2:38  SCV  
  28  2:49  Refinery  
  28  2:51  Hellion  
  30  2:52  Hellion  
  30  2:54  SCV  
  33  3:01  Starport  
  33  3:06  SCV  
  33  3:08  Barracks Tech Lab  
  34  3:15  Cyclone  
  36  3:22  Cyclone  
  38  3:27  Supply Depot  
  38  3:30  SCV  
  39  3:47  Viking, SCV  
  40  3:49  Cyclone  
  40  3:54  Marine  
  43  3:59  SCV  
  44  4:08  Orbital Command  
  38  4:11  Cyclone, SCV  
  38  4:12  Marine  
  47  4:25  SCV  
  48  4:32  Supply Depot  
  48  4:34  SCV  
Tags
 
Add a new tag
Caveats
  • Supply blocks, unpowered buildings, or Contaminate may cause inaccurate times.
  • Supply counts are checked every 10 seconds.